 Dungeon Crawl Stone Soup version 0.32-a0-18-g89e19f1974 (webtiles) character file.

Game seed: 770124756690217089

1133 BubbleThief the Toxicologist (level 8, 0/62 HPs)
             Began as a Naga Alchemist on Jan 16, 2024.
             Was an Initiate of Sif Muna.
             Slain by a phantom (6 damage)
             ... on level 6 of the Dungeon.
             The game lasted 00:10:26 (4955 turns).

BubbleThief the Toxicologist (Naga Alchemist)       Turns: 4955, Time: 00:10:27

Health: 0/62       AC:  6    Str: 11    XL:     8   Next: 36%
Magic:  1/16       EV: 10    Int: 17    God:    Sif Muna [......]
Gold:   207        SH:  0    Dex: 12    Spells: 5/17 levels left

rFire   . . .        g - +2 short sword (flame)
rCold   . . .        (no shield)
rNeg    . . .        a - +0 robe
rPois   +            (no helmet)
rElec   .            p - +2 cloak
rCorr   .            (no gloves)
SInv    +            (no barding)
Will    +....        (no amulet)
Stlth   ++           (no ring)
HPRegen 0.30/turn    (no ring)
MPRegen 0.15/turn

%: no passive effects
@: very slightly contaminated, very slow
A: AC +2, large, see invisible, deformed body, poison resistance, slowness 2,
spit poison 1, naga tail 1
a: Spit Poison, Renounce Religion


You were on level 6 of the Dungeon.
You worshipped Sif Muna.
Sif Muna was noncommittal.
You visited 2 branches of the dungeon, and saw 7 of its levels.

You collected 249 gold pieces.
You spent 42 gold pieces at shops.

Inventory:

Hand Weapons
 g - a +2 short sword of flaming (weapon)
Armour
 a - a +0 robe (worn)
 p - a +2 cloak (worn)
Scrolls
 c - 2 scrolls of amnesia
 h - 2 scrolls of identify
 i - 2 scrolls of fear {unknown}
 l - a scroll of teleportation
 n - a scroll of fog {unknown}
Potions
 b - a potion of magic
 d - a potion of might
 e - a potion of invisibility
 f - a potion of attraction
 j - 3 potions of curing
 k - a potion of mutation {unknown}
 m - 2 potions of heal wounds {unknown}


   Skills:
 - Level 1.5 Dodging
 - Level 3.0 Stealth
 + Level 5.4 Spellcasting
 - Level 1.0 Conjurations
 * Level 10.1 Alchemy


You had 5 spell levels left.
You knew the following spells:

 Your Spells              Type           Power      Damage    Failure   Level
a - Sting                 Conj/Alch      92%        1d8       1%          1
b - Mephitic Cloud        Conj/Alch/Air  17%        N/A       9%          3
c - Olgreb's Toxic Radia  Alch           39%        N/A       2%          4
d - Sticky Flame          Fire/Alch      21%        2d6       17%         4

Your spell library contained the following spells:

 Spells                   Type           Power      Damage    Failure   Level
 Mercury Vapours          Alch/Air       42%        N/A       2%          2
 Ensorcelled Hibernation  Hex/Ice        8%         N/A       21%         2
 Passwall                 Erth           4%         N/A       38%         3
 Swiftness                Air            4%         N/A       38%         3
 Freezing Cloud           Conj/Ice/Air   2%         6-21      97%         5


Dungeon Overview and Level Annotations

Branches:
Dungeon (6/15)             Temple (1/1) D:5

Altars:
Ashenzari
Dithmenos
Elyvilon
Fedhas
Gozag
Kikubaaqudgha
Nemelex Xobeh
Qazlal
Sif Muna
Trog
Uskayaw
Xom
Yredelemnul
Zin
The Shining One

Shops:
D:4 !


Innate Abilities, Weirdness & Mutations

Your serpentine skin is tough. (AC +2)
You have supernaturally acute eyesight. (SInv)
Armour fits poorly on your strangely shaped body.
Your system is resistant to poisons. (rPois)
You cover ground very slowly.
You can spit poison.
You have a snake-like lower body.


Message History

The ufetubus barely misses you.
You hear a splashing noise.
Something hits the plant.
The plant begins to die.
The phantom hits you but does no damage.
Unknown command.
You closely miss the ufetubus.
The ufetubus is almost dead.
You have got your breath back.
You feel sick.
The ufetubus splashes around in the water.
The ufetubus hits you but does no damage.
The phantom hits you.
* * * LOW HITPOINT WARNING * * *
The ufetubus hits you.
* * * LOW HITPOINT WARNING * * *
The ufetubus splashes around in the water.
You feel better.
The ufetubus hits you but does no damage.
The ufetubus hits you.
* * * LOW HITPOINT WARNING * * *
The phantom misses you.
Unknown command.
You hit the phantom. You burn the phantom.
The phantom is severely damaged.
You kill the ufetubus!
Sif Muna accepts your kill.
The phantom hits you but does no damage.
Unknown command.
You miss the phantom.
The phantom is severely damaged.
A nearby plant withers and dies.
The phantom hits you but does no damage.
You barely miss the phantom.
The phantom is severely damaged.
The phantom hits you.
* * * LOW HITPOINT WARNING * * *
You barely miss the phantom.
The phantom is severely damaged.
The phantom hits you.
You die...

...~P P> ...~♣
~# # P
#.PP~~~~.##P.
#..~P~~ .~P.~
#.PP♣~P~.PP
#...P♣PP P~
#.~.~♣♣P♣
#.####..@~~~♣
........WP~≈♣~♣
.###....P~≈~~~P
#......~P~~~PP
###....P.P~PP.
#.....P~P~P#
#...#)...#.#
#..........#
#####..<##.####


You could see a phantom.

Vanquished Creatures
  Grinder (D:4)
  2 centaurs
  Blork the orc (D:4)
  4 scorpions
  2 bombardier beetles
  2 jellies
  An orc priest (D:4)
  A gnoll bouda (D:3)
  Jessica (D:3)
  2 iguanas
  4 gnolls (D:3)
  7 adders
  3 ufetubi
  3 ribbon worms
  2 dart slugs
  17 orcs
  9 endoplasms
  5 giant cockroaches
  7 goblins
  7 hobgoblins
  4 jackals (D:2)
  9 kobolds
  3 quokkas
  4 ball pythons
  7 bats
  5 frilled lizards
  5 rats
  A butterfly (D:5)
119 creatures vanquished.

Notes
Turn   | Place    | Note
-------+----------+-------------------------------------------
     0 | D:1      | BubbleThief the Naga Alchemist began the quest for the Orb.
     0 | D:1      | Reached XP level 1. HP: 15/15 MP: 3/3
    80 | D:1      | Reached skill level 4 in Alchemy
    86 | D:1      | Reached XP level 2. HP: 22/22 MP: 1/5
   568 | D:1      | Reached XP level 3. HP: 28/28 MP: 2/6
  1050 | D:2      | Found a glowing silver altar of Zin.
  1150 | D:2      | Reached skill level 5 in Alchemy
  1563 | D:2      | Reached XP level 4. HP: 36/36 MP: 5/8
  2159 | D:3      | Learned a level 4 spell: Olgreb's Toxic Radiance
  2176 | D:3      | Reached XP level 5. HP: 35/42 MP: 5/9
  2248 | D:3      | Reached skill level 6 in Alchemy
  2249 | D:3      | Noticed Jessica
  2252 | D:3      | Killed Jessica
  2394 | D:3      | Learned a level 3 spell: Mephitic Cloud
  2696 | D:3      | Reached XP level 6. HP: 29/49 MP: 3/11
  2906 | D:4      | Reached skill level 7 in Alchemy
  2979 | D:4      | Found Heeschonis's Distillery.
  2988 | D:4      | Bought a potion of curing for 42 gold pieces
  3032 | D:4      | Learned a level 3 spell: Mephitic Cloud
  3037 | D:4      | Learned a level 4 spell: Olgreb's Toxic Radiance
  3042 | D:4      | Learned a level 4 spell: Sticky Flame
  3251 | D:4      | Reached XP level 7. HP: 55/55 MP: 4/13
  3253 | D:4      | Noticed Blork the orc
  3259 | D:4      | Killed Blork the orc
  3260 | D:4      | Reached skill level 8 in Alchemy
  3554 | D:4      | Noticed a +0 dagger
  3555 | D:4      | Noticed a +0 dagger
  3558 | D:4      | Found a hide-covered altar of Uskayaw.
  3655 | D:4      | Found a stormy altar of Qazlal.
  3656 | D:4      | Noticed a fire elemental
  3656 | D:4      | Noticed Grinder
  3658 | D:4      | Noticed an air elemental
  3658 | D:4      | Noticed a water elemental
  3662 | D:4      | Killed Grinder
  3799 | D:4      | Found an ancient bone altar of Kikubaaqudgha.
  3979 | D:5      | Entered Level 5 of the Dungeon
  3987 | D:5      | Reached skill level 9 in Alchemy
  4128 | D:5      | Reached skill level 5 in Spellcasting
  4128 | D:5      | Reached XP level 8. HP: 26/62 MP: 10/15
  4364 | D:5      | Found a shadowy altar of Dithmenos.
  4539 | D:5      | Found a staircase to the Ecumenical Temple.
  4546 | Temple   | Entered the Ecumenical Temple
  4572 | Temple   | Became a worshipper of Sif Muna the Loreminder
  4940 | D:6      | Reached skill level 10 in Alchemy
  4950 | D:6      | HP: 3/62 [phantom (2)]
  4955 | D:6      | Slain by a phantom

Illustrated notes

Levels and vault maps discovered:
D:1:      minmay_arrival_doors, layout_basic
D:2:      layout_basic, basic_altar, nrook_loot_triangle,
          minmay_misc_feat_enclosed
D:3:      minmay_diamond_boxcup, layout_rooms, minivault_24,
          nicolae_grassy_gnolls, uniq_jessica
D:4:      nicolae_cairo_tiling, layout_basic, nicolae_qazlal_style_of_elements,
          dancing_weapons_uskayaw, kennysheep_little_box, serial_shops,
          nicolae_shop_industrial_runoff, uniq_blork_the_orc, uniq_grinder
D:5:      layout_cave_pools, nicolae_overflow_crystal_walls,
          minmay_temple_entry_butterflies
D:6:      layout_loops_ring, mainiacjoe_overflow_alcove_2,
          gammafunk_temple_overflow_arena, gammafunk_ghost_smash,
          gup_sewer_entry_pipe, chequers_serial_rivers_small_b,
          chequers_serial_rivers_micro_b, serial_bayou_lagoon_a, st_stairs_12
Temple:   bh_familiar_temple

Skill      XL: |  1  2  3  4  5  6  7  8 |
---------------+-------------------------+-----
Alchemy        | 4 5 6 7 9 10 | 10.1
Spellcasting   | 3 4 5 |  5.4
Dodging        | |  1.5
Stealth        | |  3.0
Conjurations   | |  1.0

Action                     |  1- 3 |  4- 6 |  7- 9 || total
---------------------------+-------+-------+-------++-------
  Melee: Spear             |    10 |       |       ||    10
         Mace              |       |    18 |     2 ||    20
         Short sword       |       |       |    31 ||    31
   Cast: Sting             |    41 |    66 |    21 ||   128
         Olgreb's Toxic Ra |       |     3 |     6 ||     9
         Sticky Flame      |       |       |     4 ||     4
Ability: Spit Poison       |    33 |    34 |    12 ||    79
    Use: Scroll            |       |     8 |       ||     8
         Potion            |       |       |     1 ||     1
 Armour: Robe              |    16 |    48 |    49 ||   113
  Dodge: Dodged            |    13 |    41 |    27 ||    81

Table legend: (Time is in decaauts)
 A = Elapsed time spent in this place.
 B = Non-inter-level travel time spent in this place.
 C = Inter-level travel time spent in this place.
 D = Time resting spent in this place.
 E = Time spent auto-exploring this place.
 F = Levels seen in this place.
 G = Mean time per level.
                   A        B        C        D        E       F      G
               +--------+--------+--------+--------+--------+-----+--------+
         Total |   6142 |   5958 |    184 |      2 |   5079 |   7 |  877.4 |
       Dungeon |   6071 |   5955 |    116 |      2 |   5079 |   6 | 1011.8 |
        Temple |     70 |      2 |     68 |      0 |      0 |   1 |   70.0 |
               +--------+--------+--------+--------+--------+-----+--------+

Top non-repeatable levels by time:
     D:4: 1361 daAuts
     D:2: 1305 daAuts
     D:3: 1236 daAuts
     D:5: 1101 daAuts
     D:1: 1043 daAuts
  Temple: 70 daAuts
     D:6: 23 daAuts
